 Dungeon Crawl Stone Soup version 0.29-a0-653-gd47aff6735 (webtiles) character file.

Game seed: 2327998206435691358

22898 lmSkywalker the Tainter (level 12, -14/106 HPs)
             Began as a White Draconian Venom Mage on June 17, 2022.
             Was an Elder of Vehumet.
             Killed from afar by an eleionoma (46 damage)
             ... with a spray of wooden splinters
             ... on level 1 of the Swamp on June 21, 2022.
             The game lasted 02:19:33 (17664 turns).

lmSkywalker the Tainter (DrVM)                     Turns: 17664, Time: 02:19:33

Health: -14/106    AC:  8    Str: 10    XL:     12   Next: 67%
Magic:  5/25       EV: 14    Int: 27    God:    Vehumet [****..]
Gold:   747        SH:  0    Dex: 12    Spells: 4/30 levels left

rFire   . . .      SeeInvis .   I - +1 hand axe "Quelake" {protect, rC+ Stlth+}
rCold   + + .      Faith    .   (no shield)
rNeg    + . .      Spirit   .   (body armour unavailable)
rPois   .          Reflect  .   (helmet restricted)
rElec   .          Harm     .   (no cloak)
rCorr   .          Rampage  .   (no gloves)
Will    .....                   (no boots)
Stlth   ++++......              D - amulet of magic regeneration
HPRegen 0.27/turn               E - +6 ring of intelligence
MPRegen 0.59/turn               L - ring of positive energy

@: animating dead
A: breathe frost, AC +8, unfitting armour, cold resistance 1, cold-blooded
a: Breathe Frost, Renounce Religion


You were on level 1 of the Swamp.
You worshipped Vehumet.
Vehumet was greatly pleased with you.
You visited 4 branches of the dungeon, and saw 15 of its levels.

You collected 747 gold pieces.

Inventory:

Hand Weapons
 w - a +2 shortbow of freezing
 y - a +1 spear of freezing
 G - a +3 dagger
 I - the +1 hand axe "Quelake" (weapon) {protect, rC+ Stlth+}
   (You found it on level 8 of the Dungeon)

   It grants its wielder temporary protection when it strikes (+7 to AC).
   rC:        It protects you from cold.
   Stlth:     It makes you more stealthy.
Missiles
 z - a throwing net
Armour
 n - a scarf of shadows
 H - a +0 cloak
Magical Staves
 u - a staff of air
 K - a staff of death
Jewellery
 i - an amulet of faith
 D - an amulet of magic regeneration (around neck)
 E - a +6 ring of intelligence (left hand)
 L - a ring of positive energy (right hand)
 N - an amulet of regeneration
 O - a ring of resist corrosion
Wands
 c - a wand of iceblast (6)
 v - a wand of flame (25)
 P - a wand of polymorph (10)
 Q - a wand of charming (3)
Scrolls
 a - a scroll of magic mapping
 b - a scroll of torment
 d - 3 scrolls of vulnerability
 e - a scroll of noise {unknown}
 h - 2 scrolls of poison
 j - a scroll of immolation
 l - a scroll of summoning {unknown}
 p - a scroll of enchant weapon
 q - 6 scrolls of teleportation
 r - a scroll of brand weapon {unknown}
 t - 3 scrolls of fear
 B - a scroll of amnesia
 C - a scroll of blinking {unknown}
 M - a scroll of enchant armour {unknown}
Potions
 f - a potion of might
 g - a potion of resistance
 k - 3 potions of cancellation
 m - 2 potions of magic
 o - a potion of ambrosia
 x - a potion of curing
 A - 2 potions of flight
 F - 2 potions of heal wounds
 J - a potion of lignification
 R - a potion of attraction


   Skills:
 + Level 9.7 Fighting
 + Level 7.3 Dodging
 - Level 4.6 Stealth
 + Level 9.5 Spellcasting
 - Level 3.3 Conjurations
 + Level 7.7 Necromancy
 - Level 1.0 Transmutations
 + Level 6.9 Ice Magic
 - Level 3.3 Air Magic
 - Level 10.0 Poison Magic


You had 4 spell levels left.
You knew the following spells:

 Your Spells              Type           Power      Damage    Failure   Level
a - Sting                 Tmut/Pois      100%       1d8       1%          1
b - Poisonous Vapours     Pois/Air       96%        N/A       1%          2
c - Mephitic Cloud        Conj/Pois/Air  43%        N/A       1%          3
d - Olgreb's Toxic Radia  Pois           61%        N/A       1%          4
e - Animate Dead          Necr           53%        N/A       1%          4
f - Sublimation of Blood  Necr           53%        N/A       1%          2
g - Ignite Poison         Fire/Tmut/Pois 32%        N/A       1%          3
h - Frozen Ramparts       Ice            100%       1d12      1%          3
i - Hailstorm             Conj/Ice       40%        3d10      1%          4

Your spell library contained the following spells:

 Spells                   Type           Power      Damage    Failure   Level
 Dazzling Flash           Conj/Hex       44%        N/A       1%          3
 Iskenderun's Mystic Bla  Conj/Tloc      22%        2d6       6%          4
 Ice Form                 Ice/Tmut       34%        N/A       9%          4
 Summon Guardian Golem    Hex/Summ       12%        N/A       14%         3
 Tukima's Dance           Hex            12%        N/A       14%         3
 Petrify                  Tmut/Erth      15%        N/A       36%         4
 Passage of Golubria      Tloc           12%        N/A       41%         4
 Agony                    Necr           53%        N/A       5%          5
 Irradiate                Conj/Tmut      12%        3d17      13%         5
 Borgnjor's Vile Clutch   Necr/Erth      16%        N/A       26%         5
 Yara's Violent Unravell  Hex/Tmut       7%         3d5       26%         5
 Death Channel            Necr           26%        N/A       28%         6
 Simulacrum               Ice/Necr       25%        N/A       34%         6
 Silence                  Hex/Air        10%        N/A       54%         5
 Starburst                Conj/Fire      11%        6d5       63%         6
 Orb of Destruction       Conj           15%        9d7       90%         7
 Spellforged Servitor     Conj/Summ      11%        N/A       98%         7


Dungeon Overview and Level Annotations

Branches:
Dungeon (9/15)             Temple (1/1) D:6            Lair (4/6) D:8
  Swamp (1/4) Lair:3        Snake (0/4) Lair:2
    Orc: D:9-12

Altars:
Ashenzari
Cheibriados
Dithmenos
Elyvilon
Fedhas
Gozag
Hepliaklqana
Kikubaaqudgha
Makhleb
Nemelex Xobeh
Okawaru
Qazlal
Ru
Sif Muna
Trog
Uskayaw
Vehumet
Wu Jian
Xom
Yredelemnul
Zin
The Shining One

Annotations:
D:7 1 runed translucent door, exclusion: howler monkey, Dordric's ghost, novice FoHu; Menkaure
D:9 Amaemon
Lair:1 3 runed translucent doors, Ekoynunot's ghost, journeyman DjCj


Innate Abilities, Weirdness & Mutations

You can breathe waves of freezing cold which knock back foes.
Your icy white scales are hard. (AC +8)
You cannot fit into any form of body armour.
Your flesh is cold resistant. (rC+)
You are cold-blooded and may be slowed by cold attacks.


Message History

Your tyrant leech zombie bites the eleionoma.
The eleionoma hurls a spray of splinters at you.
The spray of wooden splinters hits you!
You enter the shallow water.
Moving in this stuff is going to be slow.
Casting: Ignite Poison (safe; 1% risk of failure)
Confirm with . or Enter, or press ? or * to list all spells.
You draw magical energy from your own body!
The eleionoma hurls a spray of splinters at you.
The spray of wooden splinters hits you!!!
* * * LOW HITPOINT WARNING * * *
Casting: Sublimation of Blood (safe; 1% risk of failure)
Confirm with . or Enter, or press ? or * to list all spells.
Aiming: Poisonous Vapours (safe; 1% risk of failure)
Press: ? - help, Dir - move target, f - eleionoma
Aim: an eleionoma (lightly wounded, ally target) Poisonous vapours surround the eleionoma!
The eleionoma is poisoned.
Casting: Poisonous Vapours (safe; 1% risk of failure)
Confirm with . or Enter, or press ? or * to list all spells.
Aiming: Sting (safe; 1% risk of failure)
Press: ? - help, Shift-Dir - straight line, f/p - eleionoma
Aim: an eleionoma (lightly wounded, very poisoned, ally target, 78% to hit)
Really fire in your tyrant leech zombie's direction? [Y]es or [N]o only, please.
Really fire in your tyrant leech zombie's direction?
Okay, then.
An eleionoma is nearby!
Casting: Sting (safe; 1% risk of failure)
Confirm with . or Enter, or press ? or * to list all spells.
Aiming: Sting (safe; 1% risk of failure)
Press: ? - help, Shift-Dir - straight line, f/p - eleionoma
Aim: an eleionoma (lightly wounded, very poisoned, ally target, 78% to hit)
Really fire in your tyrant leech zombie's direction?
The sting hits the eleionoma.
The eleionoma looks as sick as possible!
The eleionoma is lightly wounded.
The eleionoma hurls a spray of splinters at you.
The spray of wooden splinters hits you!!!
You die...

###.....#.##.≈≈≈♣♣
..........#...$≈.§
....###......≈≈..≈
.#....#..#.....♣
...##.#......≈♣
♣.........≈≈≈.♣♣ ♣♣♣♣
♣♣♣♣♣♣≈.§≈.≈≈≈.♣ ♣♣..♣
♣..≈.≈≈≈≈≈≈♣♣♣♣..Z♣
♣...≈≈≈≈....@RZ.>♣..≈t≈≈
♣♣..≈≈≈...≈≈.≈≈.≈.♣.≈≈≈≈≈
♣≈≈≈≈≈≈.♣.≈..≈≈≈..♣ ≈≈≈≈≈
♣.≈≈....♣♣♣♣≈≈≈≈≈≈♣ .≈≈≈.
♣§.≈≈≈≈≈♣ ♣..♣♣≈♣♣ ≈≈≈≈
♣.≈≈≈≈≈≈♣ ♣♣♣♣♣♣♣ ≈≈≈≈
♣..§≈≈≈♣♣♣♣ ♣♣≈......≈♣♣♣
♣.≈≈.≈≈≈≈..≈♣


You could see an eleionoma (extremely poisoned, ally target), a friendly tyrant
leech zombie and a friendly eleionoma zombie.

Vanquished Creatures
  Jorgrun (Swamp:1)
  An eleionoma (Swamp:1)
  2 boulder beetles
  3 two-headed ogres
  A swamp worm zombie (Swamp:1)
  A cane toad (Lair:4)
  Maggie (D:7)
  An orange demon (D:9)
  2 komodo dragons
  A hornet (D:9)
  A tyrant leech (Swamp:1)
  2 blink frogs (Lair:3)
  21 yaks
  A basilisk (Lair:3)
  2 vampire mosquitoes
  A naga (Lair:2)
  6 water moccasins
  2 swamp worms
  2 orc warriors
  2 sky beasts
  An ice beast (D:7)
  2 black bears
  An ogre (D:6)
  11 wolves (Lair:3)
  3 centaurs
  A phantom (D:3)
  2 kobold brigands (D:8)
  5 bullfrogs
  2 gnoll sergeants (D:8)
  4 scorpions
  2 necrophages (D:4)
  A wolf zombie (Lair:3)
  2 electric eels
  2 howler monkeys
  2 orc priests (D:4)
  4 hounds
  4 jellies
  A gnoll shaman (D:7)
  2 iguanas
  5 hell rats (Lair:3)
  4 orc wizards
  23 gnolls
  8 adders
  2 worms
  3 dart slugs
  22 orcs
  3 bats
  5 endoplasms
  4 giant cockroaches
  5 hobgoblins
  7 jackals (D:1)
  5 quokkas
  11 ball pythons
  5 frilled lizards
  9 goblins
  19 kobolds
  6 rats
252 creatures vanquished.

Vanquished Creatures (collateral kills)
  A bunyip (Swamp:1)
  2 bog bodies (Lair:3)
  2 black mambas (Lair:3)
  4 cane toads
  A rime drake (Lair:4)
  A komodo dragon (Lair:3)
  A burning bush (Lair:3)
  A polar bear (Lair:4)
  3 blink frogs (Lair:3)
  A basilisk (Lair:2)
  7 yaks
  A vampire mosquito (Swamp:1)
  4 water moccasins
  4 wolves (Lair:3)
  A blink frog zombie (Lair:3)
  7 bullfrogs
  An electric eel (Lair:3)
  2 hell rats (Lair:3)
  6 bushes (Lair:3)
  A butterfly (Lair:4)
51 creatures vanquished.

Vanquished Creatures (others)
  3 blink frog zombies (Lair:3)
  A komodo dragon zombie (Lair:3)
  4 yak zombies
  3 wolf zombies (Lair:3)
  2 bullfrog zombies
  22 fungi
  37 plants
  2 withered plants (D:7)
74 creatures vanquished.

Grand Total: 377 creatures vanquished

Notes
Turn   | Place    | Note
-------+----------+-------------------------------------------
     0 | D:1      | lmSkywalker the Draconian Venom Mage began the quest for
                  | the Orb.
     0 | D:1      | Reached XP level 1. HP: 14/14 MP: 3/3
   116 | D:1      | Reached XP level 2. HP: 19/20 MP: 0/5
   451 | D:1      | Found a faded altar of an unknown god.
   658 | D:1      | Reached XP level 3. HP: 14/26 MP: 3/7
  1963 | D:2      | Learned a level 2 spell: Poisonous Vapours
  1967 | D:2      | Learned a level 3 spell: Mephitic Cloud
  2009 | D:2      | Reached XP level 4. HP: 28/33 MP: 6/10
  2539 | D:3      | Reached skill level 1 in Conjurations
  2716 | D:3      | Found a sacrificial altar of Ru.
  2802 | D:3      | Reached skill level 1 in Air Magic
  3215 | D:4      | Reached XP level 5. HP: 38/38 MP: 6/11
  3729 | D:4      | Noticed a phantom
  3914 | D:4      | Reached skill level 4 in Poison Magic
  3914 | D:4      | Reached XP level 6. HP: 22/45 MP: 3/12
  4811 | D:4      | Noticed a water moccasin
  4857 | D:4      | Killed a water moccasin
  4858 | D:4      | Your scales start taking on an icy white colour.
  4858 | D:4      | Reached XP level 7. HP: 38/50 MP: 4/13
  4858 | D:4      | Gained mutation: Your flesh is cold resistant. (rC+) [White
                  | Draconian growth]
  4965 | D:4      | Learned a level 4 spell: Olgreb's Toxic Radiance
  5535 | D:4      | Reached skill level 5 in Poison Magic
  5921 | D:5      | Entered Level 5 of the Dungeon
  6002 | D:5      | Reached skill level 5 in Spellcasting
  6857 | D:5      | Reached XP level 8. HP: 38/57 MP: 5/16
  7132 | D:5      | Reached skill level 6 in Poison Magic
  7877 | D:6      | Reached skill level 1 in Fighting
  8051 | D:6      | Found a staircase to the Ecumenical Temple.
  8195 | Temple   | Entered the Ecumenical Temple
  8484 | Temple   | Became a worshipper of Vehumet
  9124 | D:7      | Noticed Menkaure
  9422 | D:7      | Found a runed translucent door.
  9435 | D:7      | Noticed Dordric's ghost (novice FoHu)
  9475 | D:7      | Noticed Maggie
  9493 | D:7      | Killed Maggie
  9494 | D:7      | Reached XP level 9. HP: 72/72 MP: 13/18
  9632 | D:7      | Learned a level 4 spell: Animate Dead
  9754 | D:7      | Reached skill level 1 in Necromancy
  9981 | D:7      | Reached * piety under Vehumet
  9981 | D:7      | Offered knowledge of Freeze by Vehumet.
 10098 | D:8      | Noticed a two-headed ogre
 10105 | D:8      | Noticed a two-headed ogre
 10125 | D:8      | Killed a two-headed ogre
 10126 | D:8      | Reached skill level 5 in Fighting
 10126 | D:8      | Reached skill level 7 in Poison Magic
 10274 | D:8      | Killed a two-headed ogre
 10394 | D:8      | Reached XP level 10. HP: 54/83 MP: 5/20
 10530 | D:8      | Identified the +1 hand axe "Quelake" {protect, rC+ Stlth+}
 10699 | D:8      | Found a staircase to the Lair.
 10782 | D:8      | Reached ** piety under Vehumet
 10785 | D:8      | Offered knowledge of Shock by Vehumet.
 10793 | D:8      | Learned a level 2 spell: Sublimation of Blood
 10980 | D:9      | Noticed a two-headed ogre
 10993 | D:9      | Noticed an orange demon
 11004 | D:9      | Killed a two-headed ogre
 11013 | D:9      | Killed an orange demon
 11014 | D:9      | Reached skill level 8 in Poison Magic
 11104 | D:9      | Noticed Amaemon
 11333 | Lair:1   | Entered Level 1 of the Lair of Beasts
 11457 | Lair:1   | Reached skill level 5 in Dodging
 11457 | Lair:1   | Reached skill level 5 in Necromancy
 11913 | Lair:1   | Found a runed translucent gate.
 11914 | Lair:1   | Found a runed translucent gate.
 11915 | Lair:1   | Noticed a ten-headed hydra
 11915 | Lair:1   | Noticed a ten-headed hydra
 11916 | Lair:1   | Found a runed translucent gate.
 11917 | Lair:1   | Noticed Ekoynunot's ghost (journeyman DjCj)
 11924 | Lair:1   | Offered knowledge of Ignite Poison by Vehumet.
 11929 | Lair:1   | Reached XP level 11. HP: 85/92 MP: 15/23
 12174 | Lair:1   | Upgraded the game from 0.29-a0-617-g7a6b98fccd to
                  | 0.29-a0-620-g13ace881f2
 12556 | Lair:1   | Learned a level 3 spell: Ignite Poison
 12613 | Lair:2   | Reached *** piety under Vehumet
 12624 | Lair:2   | Found a staircase to the Snake Pit.
 13467 | Lair:2   | Noticed a boulder beetle
 13484 | Lair:2   | Killed a boulder beetle
 13485 | Lair:2   | Reached skill level 9 in Poison Magic
 14436 | Lair:3   | Offered knowledge of Fulminant Prism by Vehumet.
 15079 | Lair:3   | Noticed a bog body
 15087 | Lair:3   | Killed a bog body
 15092 | Lair:3   | Noticed a bog body
 15102 | Lair:3   | Killed a bog body
 15283 | Lair:3   | Found a staircase to the Swamp.
 15568 | Lair:3   | Reached XP level 12. HP: 104/104 MP: 25/25
 15991 | Lair:3   | Noticed a boulder beetle
 16102 | Lair:3   | Killed a boulder beetle
 16138 | Lair:3   | Reached **** piety under Vehumet
 16163 | Lair:3   | Reached skill level 10 in Poison Magic
 16166 | Lair:3   | Upgraded the game from 0.29-a0-620-g13ace881f2 to
                  | 0.29-a0-653-gd47aff6735
 16200 | Lair:3   | Offered knowledge of Frozen Ramparts by Vehumet.
 16539 | Lair:4   | Noticed a four-headed hydra
 16800 | Lair:3   | Learned a level 3 spell: Frozen Ramparts
 16896 | Lair:4   | Reached skill level 1 in Ice Magic
 16947 | Swamp:1  | Entered Level 1 of the Swamp
 17006 | Swamp:1  | Noticed Jorgrun
 17011 | Swamp:1  | Killed Jorgrun
 17012 | Swamp:1  | Reached skill level 5 in Ice Magic
 17258 | Swamp:1  | Noticed a bunyip
 17266 | Swamp:1  | Killed a bunyip
 17608 | Swamp:1  | Learned a level 4 spell: Hailstorm
 17646 | Swamp:1  | Noticed an eleionoma
 17656 | Swamp:1  | Noticed an eleionoma
 17658 | Swamp:1  | Killed an eleionoma
 17658 | Swamp:1  | Noticed an alligator
 17664 | Swamp:1  | Killed from afar by an eleionoma

Illustrated notes

Levels and vault maps discovered:
D:1:      dpeg_arrival_arbitrary_a, layout_loops_ring,
          hellmonk_ecumenical_altar_arch_garden, minmay_close_crescents
D:2:      layout_rooms
D:3:      layout_basic, nicolae_ru_the_path_less_chosen, minivault_23,
          chequers_garden
D:4:      cheibrodos_barr_body, layout_gridville, kennysheep_generic_room_3
D:5:      layout_loops_corners
D:6:      layout_gridville, minmay_temple_entry_large_hall
D:7:      layout_basic, gammafunk_ghost_grave, nrook_pool_corridor,
          nrook_campfire, uniq_maggie, uniq_menkaure
D:8:      layout_basic, dpeg_oklobed_lair, kennysheep_generic_room_10
D:9:      layout_cave_pools, serial_glass, glass_columns_a, glass_columns_a,
          glass_columns_b, glass_columns_a, glass_columns_a, glass_columns_a,
          grunt_decor_fettered, hex_tiny, uniq_amaemon
Temple:   nicolae_temple_the_god_donut
Lair:1:   layout_chaotic_city, gammafunk_ghost_hydra_chop
Lair:2:   layout_layer_cave, guppyfry_snake_entry_island,
          chequers_serial_rivers_small_a
Lair:3:   layout_cave_pods, nicolae_swamp_entry_splash_gauntlet, evilmike_ambush
          [evilmike_ambush_outer_pillars, evilmike_ambush_inner_pond],
          serial_bayou_shore_a
Lair:4:   beast_lair_carwin_large_1, layout_cave_shapes, grunt_megastairs_2,
          lemuel_fruit_fields, infiniplex_staircase_pool_2
Swamp:1:  layout_basic_swamp, serial_swamp_ruin, evilmike_swamp_ruin_rubble_1,
          evilmike_swamp_ruin_rubble_2, uniq_nikola, uniq_frances, uniq_jorgrun

Skill      XL: |  1  2  3  4  5  6  7  8  9 10 11 12 |
---------------+-------------------------------------+-----
Spellcasting   | 3 4 5 6 7 8 9 |  9.5
Conjurations   | 1 2 3 |  3.3
Air Magic      | 1 2 3 |  3.3
Poison Magic   | 4 5 6 7 8 9 10 | 10.0
Fighting       | 4 6 7 9 |  9.7
Stealth        | 4 |  4.6
Dodging        | 3 5 6 7 |  7.3
Necromancy     | 3 5 6 7 |  7.7
Ice Magic      | 6 |  6.9
Transmutations | |  1.0

Action                   |  1- 3 |  4- 6 |  7- 9 | 10-12 || total
-------------------------+-------+-------+-------+-------++-------
Melee: Unarmed           |     4 |       |       |       ||     4
       Tailslap          |     2 |     6 |    11 |    29 ||    48
       Dagger            |     3 |       |       |       ||     3
       Short sword       |    19 |    62 |    55 |       ||   136
       Punch             |       |     1 |     3 |     2 ||     6
       Spear             |       |       |    49 |       ||    49
       Hand axe          |       |       |       |    92 ||    92
Throw: Stone             |     1 |       |       |       ||     1
 Cast: Sting             |    57 |    97 |    92 |    97 ||   343
       Poisonous Vapours |       |    24 |    67 |    69 ||   160
       Mephitic Cloud    |       |     4 |    44 |    47 ||    95
       Olgreb's Toxic Ra |       |       |    13 |    30 ||    43
       Sublimation of Bl |       |       |       |     4 ||     4
       Animate Dead      |       |       |       |     8 ||     8
       Ignite Poison     |       |       |       |    17 ||    17
       Frozen Ramparts   |       |       |       |     1 ||     1
 Abil: Breathe Frost     |       |       |    11 |    16 ||    27
Evoke: Wand              |       |       |       |     2 ||     2
  Use: Scroll            |     1 |     5 |       |    12 ||    18
       Potion            |       |     8 |       |     1 ||     9
 Stab: Confused          |       |       |     6 |     3 ||     9
Armor: Skin              |    16 |    48 |    42 |    39 ||   145
Dodge: Dodged            |    24 |   102 |    68 |   104 ||   298

Table legend: (Time is in decaauts)
 A = Elapsed time spent in this place.
 B = Non-inter-level travel time spent in this place.
 C = Inter-level travel time spent in this place.
 D = Time resting spent in this place.
 E = Time spent auto-exploring this place.
 F = Levels seen in this place.
 G = Mean time per level.
                   A        B        C        D        E       F      G
               +--------+--------+--------+--------+--------+-----+--------+
         Total |  17773 |  16777 |    996 |   5066 |   5405 |  15 | 1184.9 |
       Dungeon |  11068 |  10359 |    709 |   2535 |   3592 |   9 | 1229.8 |
        Temple |    298 |    290 |      8 |      0 |    228 |   1 |  298.0 |
          Lair |   5979 |   5700 |    279 |   2239 |   1585 |   4 | 1494.8 |
         Swamp |    427 |    427 |      0 |    292 |      0 |   1 |  427.0 |
               +--------+--------+--------+--------+--------+-----+--------+

Top non-repeatable levels by time:
  Lair:3: 2811 daAuts
     D:4: 2710 daAuts
  Lair:2: 1848 daAuts
     D:6: 1716 daAuts
     D:1: 1539 daAuts
     D:5: 1481 daAuts
  Lair:1: 1249 daAuts
     D:3: 1070 daAuts
     D:8: 976 daAuts
     D:7: 652 daAuts
     D:2: 618 daAuts
 Swamp:1: 427 daAuts
     D:9: 302 daAuts
  Temple: 298 daAuts
  Lair:4: 70 daAuts
